 Dungeon Sprint DCSS version 0.30-a0-509-gd016549fea (webtiles) character file.

Game seed: 8458896924553588816

2409 Liquidunit the Basher (level 9, -5/151 HPs)
             Began as a Troll Berserker on Dec 23, 2022.
             Was an Elder of Trog.
             Slain by a hornet (6 damage)
             ... in the Dungeon (Sprint I: "Red Sonja").
             The game lasted 00:03:13 (1316 turns).

Liquidunit the Basher (Troll Berserker)             Turns: 1316, Time: 00:03:14

Health: -5/151     AC:  4    Str: 29    XL:     9   Next: 23%
Magic:  8/8        EV: 12    Int:  5    God:    Trog [****..]
Gold:   143        SH:  0    Dex:  9    Spells: 8/8 levels left

rFire   . . .      SeeInvis .    k - +0 giant spiked club
rCold   . . .      Faith    .    (shield currently unavailable)
rNeg    . . .      Spirit   .    b - +0 animal skin
rPois   .          Reflect  .    (helmet restricted)
rElec   .          Harm     .    (no cloak)
rCorr   .          Rampage  .    (gloves unavailable)
Will    .....      NoTele   +    (boots unavailable)
Stlth   ..........               (no amulet)
HPRegen 1.25/turn                (no ring)
MPRegen 0.11/turn                (no ring)

@: berserking (expiring), lethally poisoned (-5 -> -15), slowed
A: large, unfitting armour, claws 3, regeneration 1, shaggy fur 1, tough skin 1
a: Renounce Religion, Berserk, Trog's Hand, Brothers in Arms


You were in the Dungeon.
You worshipped Trog.
Trog was greatly pleased with you.
You visited 1 branch You collected 419 gold pieces.
You spent 276 gold pieces at shops.

Inventory:

Hand Weapons
 a - a +0 mace
 j - a +5 club
 k - a +0 giant spiked club (weapon)
Armour
 b - a +0 animal skin (worn)
Wands
 i - a wand of roots (10)
Scrolls
 g - a scroll of fear {unknown}
 h - a scroll of blinking
Potions
 c - 2 potions of curing
 d - a potion of heal wounds
 e - a potion of haste
 f - 2 potions of magic
 l - a potion of cancellation
 m - 2 potions of might


   Skills:
 + Level 10.2 Fighting
 + Level 13.8 Maces & Flails
 + Level 8.6 Dodging
 - Level 0.3 Stealth


You had 8 spell levels left.
You didn't know any spells.
Your spell library was empty.

Dungeon Overview and Level Annotations

Branches:
Dungeon (1/1)

Altars:
Cheibriados
Dithmenos
Elyvilon
Fedhas
Gozag
Hepliaklqana
Kikubaaqudgha
Makhleb
Nemelex Xobeh
Okawaru
Qazlal
Ru
Sif Muna
Trog
Uskayaw
Vehumet
Wu Jian
Xom
Yredelemnul
Zin
The Shining One
Jiyva
Lugonu

Shops:
D !


Innate Abilities, Weirdness & Mutations

You are too large for most types of armour.
You have claws for hands.
Your natural rate of healing is unusually fast.
You are covered in fur. (AC +1)
You have tough skin. (AC +1)


Message History

You feel as though you will be slow longer.
You closely miss the hornet.
The hornet is severely wounded.
You feel very sick. The hornet barely misses you.
You closely miss the hornet.
The hornet is severely wounded.
You feel very sick. The hornet stings you!
You are more poisoned.
You feel as though you will be slow longer.
The hornet closely misses you.
You barely miss the hornet.
The hornet is severely wounded.
You feel extremely sick. The hornet stings you!
* * * LOW HITPOINT WARNING * * *
You feel as though you will be slow longer.
The hornet completely misses you.
You barely miss the hornet.
The hornet is severely wounded.
You feel very sick.
The hornet stings you but does no damage.
You are too berserk!
You barely miss the hornet.
The hornet is severely wounded.
You feel very sick. The hornet stings you!
* * * LOW HITPOINT WARNING * * *
You feel as though you will be slow longer.
The hornet stings you!
* * * LOW HITPOINT WARNING * * *
You are lethally poisoned!
You feel as though you will be slow longer.
You miss the hornet.
The hornet is severely wounded.
* * * LOW HITPOINT WARNING * * *
You feel very sick. The hornet stings you.
You die...

#####################
.'..#.))..#__#..)...#
.#..'..#..'..'..#...#
###'#####'#__####...+
##..#...#§####§§#####
_####..##.#§§~§§#$$#
____##'#_.'~~§§§@y.#
.∩...'..._#~~§§.#$$#
..__##_.#'##+#####+#
____###+#.# ##### ###


You could see a hornet.

Vanquished Creatures
  2 centaur warriors (D)
  2 kobold demonologists (D)
  A slime creature (D)
  Sigmund (D)
  A yak (D)
  A floating eye (D)
  An ogre (D)
  A jelly (D)
  Ijyb (D)
11 creatures vanquished.

Notes
Turn   | Place    | Note
-------+----------+-------------------------------------------
     0 | D        | Liquidunit the Troll Berserker began the quest for the Orb.
     0 | D        | Reached XP level 1. HP: 22/22 MP: 0/0
     2 | D        | Noticed Ijyb
    10 | D        | HP: 1/33 [Ijyb/+5 club (7)]
    11 | D        | Killed Ijyb
    12 | D        | Reached skill level 4 in Maces & Flails
    12 | D        | Reached XP level 2. HP: 4/32 MP: 1/1
   161 | D        | Noticed an ogre
   166 | D        | Killed an ogre
   167 | D        | Reached skill level 5 in Fighting
   167 | D        | Reached skill level 5 in Maces & Flails
   167 | D        | Reached XP level 3. HP: 42/42 MP: 2/2
   167 | D        | Reached XP level 4. HP: 50/50 MP: 3/3
   212 | D        | Noticed Sigmund
   223 | D        | Killed Sigmund
   223 | D        | Reached ** piety under Trog
   224 | D        | Reached skill level 7 in Maces & Flails
   224 | D        | Reached XP level 5. HP: 61/61 MP: 4/4
   377 | D        | Found a burning altar of Makhleb.
   377 | D        | Found a viscous altar of Jiyva.
   377 | D        | Found a shimmering altar of Xom.
   377 | D        | Found a corrupted altar of Lugonu.
   377 | D        | Noticed a slime creature
   383 | D        | Killed a slime creature
   384 | D        | Reached skill level 8 in Maces & Flails
   384 | D        | Reached XP level 6. HP: 33/71 MP: 5/5
   690 | D        | Found an ornate altar of the Wu Jian Council.
   690 | D        | Found a shimmering blue altar of Sif Muna.
   692 | D        | Found a radiant altar of Vehumet.
   829 | D        | Found Jiciar's Distillery.
   829 | D        | Found an ancient bone altar of Kikubaaqudgha.
   829 | D        | Found a hazy altar of Hepliaklqana.
   829 | D        | Found a stormy altar of Qazlal.
   829 | D        | Found a hide-covered altar of Uskayaw.
   829 | D        | Found a blossoming altar of Fedhas.
   829 | D        | Found a bloodstained altar of Trog.
   829 | D        | Found an iron altar of Okawaru.
   829 | D        | Found a basalt altar of Yredelemnul.
   829 | D        | Found a glowing golden altar of the Shining One.
   829 | D        | Found a snail-covered altar of Cheibriados.
   829 | D        | Found a sacrificial altar of Ru.
   829 | D        | Found a glowing silver altar of Zin.
   829 | D        | Found a shadowy altar of Dithmenos.
   829 | D        | Found a white marble altar of Elyvilon.
   829 | D        | Noticed a yak
   830 | D        | Found an opulent altar of Gozag.
   834 | D        | Killed a yak
   835 | D        | Reached skill level 9 in Maces & Flails
   835 | D        | Reached XP level 7. HP: 80/80 MP: 6/6
   837 | D        | Found a sparkling altar of Nemelex Xobeh.
   860 | D        | Bought a potion of cancellation for 96 gold pieces
   860 | D        | Bought a potion of might for 48 gold pieces
   860 | D        | Bought 2 potions of might for 96 gold pieces
   860 | D        | Bought a potion of curing for 36 gold pieces
   983 | D        | Noticed a kobold demonologist
   983 | D        | Noticed a kobold demonologist
   986 | D        | Paralysed by a floating eye for 4 turns
   987 | D        | Noticed a sixfirhy
   990 | D        | Noticed a smoke demon
   992 | D        | Reached skill level 10 in Maces & Flails
   992 | D        | Noticed an orange demon
   992 | D        | Killed a kobold demonologist
   992 | D        | Reached *** piety under Trog
  1003 | D        | Killed a kobold demonologist
  1004 | D        | Reached skill level 11 in Maces & Flails
  1004 | D        | Reached XP level 8. HP: 86/92 MP: 7/7
  1221 | D        | Noticed a centaur warrior
  1222 | D        | Noticed a centaur warrior
  1234 | D        | Killed a centaur warrior
  1234 | D        | Reached **** piety under Trog
  1235 | D        | Reached skill level 12 in Maces & Flails
  1238 | D        | Killed a centaur warrior
  1239 | D        | Reached skill level 10 in Fighting
  1239 | D        | Reached skill level 13 in Maces & Flails
  1239 | D        | Reached XP level 9. HP: 101/101 MP: 8/8
  1305 | D        | Paralysed by a hornet for 2 turns
  1315 | D        | HP: 5/151 [hornet (7)]
  1316 | D        | HP: 1/151 [poisoned by a hornet]
  1316 | D        | Slain by a hornet

Illustrated notes

Levels and vault maps discovered:
D:        dungeon_sprint_1 [red_sonja_temple_1, red_sonja_temple_small_1]

Skill      XL: |  1  2  3  4  5  6  7  8 |
---------------+-------------------------+-----
Fighting       | 3 5 6 7 8 9 10 | 10.2
Maces & Flails | 4 5 7 8 9 11 13 | 13.8
Dodging        | 3 4 6 7 8 |  8.6
Stealth        | |  0.3

Action                   |  1- 3 |  4- 6 |  7- 9 || total
-------------------------+-------+-------+-------++-------
Melee: Mace              |     6 |       |       ||     6
       Club              |     3 |       |       ||     3
       Giant spiked club |       |    17 |    31 ||    48
Invok: Berserk           |     2 |     3 |     2 ||     7
       Trog's Hand       |       |       |     1 ||     1
  Use: Potion            |       |       |     2 ||     2
       Scroll            |       |       |     1 ||     1
Armor: Animal skin       |       |     1 |     7 ||     8
Dodge: Dodged            |     3 |     5 |    17 ||    25

Table legend: (Time is in decaauts)
 A = Elapsed time spent in this place.
 B = Non-inter-level travel time spent in this place.
 C = Inter-level travel time spent in this place.
 D = Time resting spent in this place.
 E = Time spent auto-exploring this place.
 F = Levels seen in this place.
 G = Mean time per level.
                   A        B        C        D        E       F      G
               +--------+--------+--------+--------+--------+-----+--------+
         Total |   1397 |   1397 |      0 |   1140 |      0 |   1 | 1397.0 |
       Dungeon |   1397 |   1397 |      0 |   1140 |      0 |   1 | 1397.0 |
               +--------+--------+--------+--------+--------+-----+--------+

Top non-repeatable levels by time:
       D: 1397 daAuts
